 Dungeon Crawl Stone Soup version 0.31-a0-188-g5e087ee2ca (webtiles) character file.

Game seed: 2000697406599933390

3143 qw the Skirmisher (level 9, 0/54 HPs)
             Began as a Deep Elf Hunter on June 23, 2023.
             Hit by a silver boomerang thrown by an orc warrior (2 damage)
             ... on level 7 of the Dungeon.
             The game lasted 00:03:04 (5917 turns).

qw the Skirmisher (Deep Elf Hunter)                 Turns: 5917, Time: 00:03:05

Health: 0/54       AC: 13    Str: 12    XL:     9   Next: 62%
Magic:  11/11      EV: 19    Int: 15    God:
Gold:   327        SH:  0    Dex: 18    Spells: 8/8 levels left

rFire   . . .        m - +0 shortbow (heavy)
rCold   . . .        (shield currently unavailable)
rNeg    . . .        g - +0 ring mail
rPois   .            d - +2 hat
rElec   .            (no cloak)
rCorr   .            q - +0 pair of gloves
SInv    .            n - +0 pair of boots "Laagofet" {-Cast Rampage Will+}
Will    +....        (no amulet)
Stlth   +            i - +4 ring of protection
HPRegen 0.29/turn    b - +5 ring of evasion
MPRegen 0.12/turn

%: no spellcasting, rampage
@: lethally poisoned (0 -> -4)
A: no striking features
a: no special abilities


You were on level 7 of the Dungeon.
You visited 2 branches of the dungeon, and saw 10 of its levels.

You collected 327 gold pieces.


   Skills:
 - Level 5.0 Fighting
 - Level 14.0 Ranged Weapons
 - Level 2.1 Armour
 + Level 7.7 Dodging
 - Level 1.2 Stealth


You had 8 spell levels left.
You didn't know any spells.
Your spell library was empty.

Inventory:

Hand Weapons
 m - a +0 heavy shortbow (weapon)
Armour
 d - a +2 hat (worn)
 g - a +0 ring mail (worn)
 n - the +0 pair of boots "Laagofet" (worn) {-Cast Rampage Will+}
   (You acquired it on level 4 of the Dungeon)

   -Cast:     It prevents spellcasting.
   Rampage:   It bestows one free step when moving towards enemies.
   Will:      It increases your willpower.
 q - a +0 pair of gloves (worn)
Jewellery
 b - a +5 ring of evasion (right hand)
 i - a +4 ring of protection (left hand)
 s - a +6 ring of strength
Scrolls
 j - a scroll of brand weapon
 l - a scroll of identify
Potions
 a - a potion of resistance
 c - 3 potions of heal wounds
 e - a potion of cancellation
 f - 2 potions of curing
 h - 3 potions of haste
 k - a potion of degeneration {unknown}
 o - a potion of berserk rage {unknown}
 p - a potion of enlightenment
 r - a potion of might {unknown}

Dungeon Overview and Level Annotations

Branches:
Dungeon (9/15)             Temple (1/1) D:4            Lair (0/5) D:8
    Orc: D:9-12

Altars:
Cheibriados
Dithmenos
Elyvilon
Fedhas
Gozag
Hepliaklqana
Kikubaaqudgha
Makhleb
Nemelex Xobeh
Qazlal
Ru
Sif Muna
Trog
Uskayaw
Vehumet
Wu Jian
Xom
Yredelemnul
Zin
The Shining One

Annotations:
D:3 3 runed translucent doors, qw's ghost, amateur DEHu


Message History

The water moccasin is moderately wounded.
You feel sick.
The water moccasin bites you but does no damage.
The orc warrior misses you.
The water moccasin bites you but does no damage.
You shoot an arrow. The arrow hits the water moccasin!
The water moccasin is almost dead.
You feel sick. The water moccasin closely misses you.
The orc warrior hits you from afar with a +2 halberd of venom!
You shoot an arrow.
The arrow hits the water moccasin but does no damage.
The water moccasin is almost dead.
You feel sick. The water moccasin barely misses you.
The orc warrior misses you.
The water moccasin bites you but does no damage.
You shoot an arrow. The arrow hits the water moccasin!
You kill the water moccasin!
You feel sick. The orc warrior closely misses you.
You shoot an arrow.
The arrow barely misses the orc warrior.
You feel sick.
You hear a shout!
The orc warrior hits you from afar with a +2 halberd of venom!
You are more poisoned.
The orc warrior completely misses you.
You shoot an arrow.
The arrow hits the orc warrior but does no damage.
You feel very sick. The orc warrior misses you.
You shoot an arrow. The arrow hits the orc warrior!
The orc warrior is moderately wounded.
You feel sick.
You hear a shout!
The orc warrior throws a silver boomerang.
The silver boomerang hits you.
You shoot an arrow. The arrow hits the orc warrior!
The orc warrior is almost dead.
You feel very sick.
The orc warrior throws a silver boomerang.
The silver boomerang hits you!
You die...

.. #................
.. #................ #
... #................
. ...
#................ #
#...............# #
.####
#.#.....#......## #
.!....#.#######.######
# #...#######.### #
##.)@.........### #
#o########.#...## .o.
#.###..#### #..o.
#.####....# #....S
#.#........ #....o
.^...######. #...oY
.#.# #...( #.# #.###
#.# #


You could see an orc warrior and an orc wizard.

Vanquished Creatures
  Pikel (D:5)
  Eustachio (D:5)
  Menkaure (D:5)
  Duvessa (D:7)
  A water moccasin (D:7)
  An orc warrior (D:8)
  2 black bears
  2 ice beasts
  A sky beast (D:8)
  A centaur (D:7)
  3 lemures (D:5)
  A phantom (D:5)
  A kobold brigand (D:7)
  5 scorpions
  2 bullfrogs (D:6)
  Dowan (D:7)
  3 killer bees (D:9)
  3 howler monkeys
  2 hounds
  A jelly (D:4)
  3 orc priests
  2 gnoll boudas
  A sleepcap (D:5)
  4 orc wizards
  2 iguanas
  4 adders
  14 gnolls
  2 white imps
  5 dart slugs
  11 orcs
  6 bats
  8 endoplasms
  14 giant cockroaches
  5 goblins
  3 hobgoblins
  8 jackals
  3 quokkas
  5 ball pythons
  8 frilled lizards
  7 kobolds
  7 rats
156 creatures vanquished.

Notes
Turn   | Place    | Note
-------+----------+-------------------------------------------
     0 | D:1      | qw the Deep Elf Hunter began the quest for the Orb.
     0 | D:1      | Reached XP level 1. HP: 12/12 MP: 3/3
     0 | D:1      | 0 ||| qw: Version: 0.3-a-9-g12657ce
     0 | D:1      | 0 ||| qw: Game counter: 3380
     0 | D:1      | 0 ||| qw: Always use a shield: true
     0 | D:1      | 0 ||| qw: God list: Okawaru
     0 | D:1      | 0 ||| qw: Allow faded altars: false
     0 | D:1      | 0 ||| qw: Do Orc after D:15 true
     0 | D:1      | 0 ||| qw: Do second Lair branch before Depths: true
     0 | D:1      | 0 ||| qw: Lair rune preference: random
     0 | D:1      | 0 ||| qw: Plans: Normal
     0 | D:1      | 0 ||| PLANNING D:1-11
   123 | D:1      | Reached XP level 2. HP: 16/16 MP: 4/4
   132 | D:1      | Reached skill level 6 in Ranged Weapons
   815 | D:1      | 815 ||| UPGRADING to +2 hat.
   820 | D:1      | 820 ||| UPGRADING to +0 ring mail.
   830 | D:1      | 830 ||| DROPPING +0 leather armour.
   831 | D:1      | 831 ||| UPGRADING to +4 ring of protection.
   832 | D:1      | 832 ||| READING scroll labelled AKHYOL ORHOMEQ.
   860 | D:1      | 860 ||| READING scroll labelled AREYFAOR HISUZ.
   861 | D:1      | 861 ||| READING scroll labelled HUOSME LODGHA.
   862 | D:1      | 862 ||| DROPPING scroll of butterflies.
   921 | D:2      | Reached XP level 3. HP: 20/20 MP: 5/5
   987 | D:2      | Reached skill level 7 in Ranged Weapons
  1109 | D:2      | Reached XP level 4. HP: 25/25 MP: 6/6
  1192 | D:2      | Found a faded altar of an unknown god.
  1658 | D:2      | 1658 ||| READING scroll labelled PYGHEURGHAG.
  1659 | D:2      | 1659 ||| READING 2 scrolls labelled SIAGYD ISOSTY.
  1760 | D:2      | 1760 ||| READING 2 scrolls labelled BUNYHEST GEOPS.
  1761 | D:2      | 1761 ||| READING scroll labelled YZIXUY MUABRER.
  1762 | D:2      | 1762 ||| READING scroll labelled XOIS JATIFOA.
  1763 | D:2      | 1763 ||| DRINKING 2 glowing silvery potions.
  1764 | D:2      | 1764 ||| DRINKING 2 dark potions.
  1765 | D:2      | 1765 ||| DRINKING 2 murky amethyst potions.
  1774 | D:2      | 1774 ||| DROPPING scroll of silence.
  1775 | D:2      | 1775 ||| DROPPING scroll of immolation.
  1776 | D:2      | 1776 ||| DROPPING potion of ambrosia.
  1778 | D:2      | 1778 ||| Stepping ~*~*~tactically~*~*~ (cloud).
  1910 | D:3      | Found a shadowy altar of Dithmenos.
  2088 | D:3      | Reached skill level 8 in Ranged Weapons
  2262 | D:3      | Found a burning altar of Makhleb.
  2382 | D:3      | Found a runed translucent gate.
  2382 | D:3      | Found a runed translucent gate.
  2382 | D:3      | Found an opulent altar of Gozag.
  2382 | D:3      | Found a runed translucent gate.
  2384 | D:3      | Noticed qw's ghost (amateur DEHu)
  2493 | D:3      | 2493 ||| UPGRADING to +0 pair of boots.
  2498 | D:3      | 2498 ||| UPGRADING to +5 ring of evasion.
  2529 | D:4      | Noticed a +0 dagger
  2529 | D:4      | Noticed a +0 spear
  2529 | D:4      | Noticed a +0 spear
  2529 | D:4      | Noticed a +0 short sword
  2529 | D:4      | Noticed a +0 falchion
  2530 | D:4      | Found a staircase to the Ecumenical Temple.
  2531 | D:4      | 2531 ||| PLANNING TEMPLE
  2531 | D:4      | Noticed a +0 short sword
  2539 | D:4      | Reached XP level 5. HP: 29/29 MP: 7/7
  2545 | Temple   | Entered the Ecumenical Temple
  2582 | Temple   | 2582 ||| PLANNING D:1-11
  2656 | D:4      | Noticed a +0 dagger
  2657 | D:4      | Noticed a +0 falchion
  2667 | D:4      | Found a hide-covered altar of Uskayaw.
  3085 | D:4      | 3085 ||| UPGRADING to +0 pair of gloves.
  3090 | D:4      | 3090 ||| READING scroll labelled ZURYOT ZUILE.
  3091 | D:4      | 3091 ||| READING scroll labelled WOSICE HAZXAMA.
  3091 | D:4      | Identified a scroll of acquirement
  3091 | D:4      | 3091 ||| ACQUIRING +0 pair of boots "Laagofet" {-Cast
                  | Rampage Will+}
  3091 | D:4      | Acquired the +0 pair of boots "Laagofet" {-Cast Rampage
                  | Will+}
  3093 | D:4      | 3093 ||| UPGRADING to +0 pair of boots "Laagofet" {-Cast
                  | Rampage Will+}.
  3103 | D:4      | 3103 ||| DROPPING +0 pair of boots.
  3104 | D:4      | 3104 ||| DRINKING 3 red potions.
  3105 | D:4      | 3105 ||| READING 2 scrolls of identify.
  3105 | D:4      | 3105 ||| IDENTIFYING fizzy grey potion
  3145 | D:5      | Entered Level 5 of the Dungeon
  3172 | D:5      | Noticed a phantom
  3181 | D:5      | Killed a phantom
  3182 | D:5      | Reached skill level 9 in Ranged Weapons
  3192 | D:5      | Reached XP level 6. HP: 35/35 MP: 8/8
  3205 | D:5      | Reached skill level 1 in Armour
  3265 | D:5      | HP: 8/35 [orc wizard/+0 dagger (3)]
  3266 | D:5      | 3266 ||| DRINKING 2 potions of heal wounds.
  3273 | D:5      | Reached skill level 10 in Ranged Weapons
  3379 | D:5      | Found a shimmering altar of Xom.
  3385 | D:5      | Reached skill level 3 in Dodging
  3393 | D:5      | Found an opulent altar of Gozag.
  3393 | D:5      | Found a white marble altar of Elyvilon.
  3395 | D:5      | Found a shadowy altar of Dithmenos.
  3395 | D:5      | Found a glowing golden altar of the Shining One.
  3395 | D:5      | Found an opulent altar of Gozag.
  3485 | D:5      | Noticed Eustachio
  3490 | D:5      | Killed Eustachio
  3491 | D:5      | Reached XP level 7. HP: 40/40 MP: 9/9
  3677 | D:5      | Noticed Menkaure
  3678 | D:5      | 3678 ||| Stepping ~*~*~tactically~*~*~ (outnumbered).
  3680 | D:5      | 3680 ||| Stepping ~*~*~tactically~*~*~ (outnumbered).
  3685 | D:5      | Killed Menkaure
  3686 | D:5      | Reached skill level 11 in Ranged Weapons
  3692 | D:5      | 3692 ||| Stepping ~*~*~tactically~*~*~ (outnumbered).
  4087 | D:5      | Noticed Pikel
  4096 | D:5      | Killed Pikel
  4097 | D:5      | Reached skill level 13 in Ranged Weapons
  4097 | D:5      | Reached XP level 8. HP: 44/44 MP: 10/10
  4253 | D:5      | 4253 ||| DRINKING 2 sedimented dark potions.
  4326 | D:6      | Reached skill level 3 in Fighting
  4678 | D:6      | Reached skill level 14 in Ranged Weapons
  4726 | D:6      | Found a blossoming altar of Fedhas.
  4792 | D:6      | 4792 ||| Stepping ~*~*~tactically~*~*~ (outnumbered).
  4817 | D:6      | Reached XP level 9. HP: 51/51 MP: 11/11
  5215 | D:6      | 5215 ||| DRINKING 2 cyan potions.
  5216 | D:6      | 5216 ||| READING 3 scrolls of identify.
  5216 | D:6      | 5216 ||| IDENTIFYING murky black potion
  5217 | D:6      | 5217 ||| READING 2 scrolls of identify.
  5217 | D:6      | 5217 ||| IDENTIFYING bubbling inky potion
  5218 | D:6      | 5218 ||| DROPPING potion of brilliance.
  5219 | D:6      | 5219 ||| DROPPING potion of lignification.
  5220 | D:6      | 5220 ||| DROPPING potion of magic.
  5273 | D:7      | Found a hazy altar of Hepliaklqana.
  5296 | D:7      | 5296 ||| Stepping ~*~*~tactically~*~*~ (outnumbered).
  5331 | D:7      | Noticed Duvessa
  5335 | D:7      | Noticed Dowan
  5344 | D:7      | Killed Duvessa
  5345 | D:7      | Reached skill level 6 in Dodging
  5350 | D:7      | Killed Dowan
  5353 | D:7      | 5353 ||| FLEEEEING.
  5354 | D:7      | 5354 ||| FLEEEEING.
  5355 | D:7      | 5355 ||| FLEEEEING.
  5394 | D:7      | You fall into a shaft and drop 2 floors!
  5406 | D:9      | Found a radiant altar of Vehumet.
  5407 | D:9      | 5407 ||| DROPPING +3 sling.
  5442 | D:9      | 5442 ||| DROPPING +3 leather armour.
  5443 | D:9      | 5443 ||| READING scroll labelled FUZEBL HAIHOADD.
  5549 | D:9      | 5549 ||| Stepping randomly (stuck).
  5550 | D:9      | 5550 ||| Stepping randomly (stuck).
  5551 | D:9      | 5551 ||| Stepping randomly (stuck).
  5552 | D:9      | 5552 ||| Stepping randomly (stuck).
  5553 | D:9      | 5553 ||| Stepping randomly (stuck).
  5554 | D:9      | 5554 ||| Stepping randomly (stuck).
  5555 | D:9      | 5555 ||| Stepping randomly (stuck).
  5556 | D:9      | 5556 ||| Stepping randomly (stuck).
  5557 | D:9      | 5557 ||| Stepping randomly (stuck).
  5558 | D:9      | 5558 ||| Stepping randomly (stuck).
  5559 | D:9      | 5559 ||| Stepping randomly (stuck).
  5560 | D:9      | 5560 ||| Stepping randomly (stuck).
  5561 | D:9      | 5561 ||| Stepping randomly (stuck).
  5562 | D:9      | 5562 ||| Stepping randomly (stuck).
  5563 | D:9      | 5563 ||| Stepping randomly (stuck).
  5564 | D:9      | 5564 ||| Stepping randomly (stuck).
  5565 | D:9      | 5565 ||| Stepping randomly (stuck).
  5566 | D:9      | 5566 ||| Stepping randomly (stuck).
  5567 | D:9      | 5567 ||| Stepping randomly (stuck).
  5568 | D:9      | 5568 ||| Stepping randomly (stuck).
  5569 | D:9      | 5569 ||| Stepping randomly (stuck).
  5570 | D:9      | 5570 ||| Stepping randomly (stuck).
  5571 | D:9      | 5571 ||| Stepping randomly (stuck).
  5572 | D:9      | 5572 ||| Stepping randomly (stuck).
  5573 | D:9      | 5573 ||| Stepping randomly (stuck).
  5574 | D:9      | 5574 ||| Stepping randomly (stuck).
  5575 | D:9      | 5575 ||| Stepping randomly (stuck).
  5576 | D:9      | 5576 ||| Stepping randomly (stuck).
  5577 | D:9      | 5577 ||| Stepping randomly (stuck).
  5578 | D:9      | 5578 ||| Stepping randomly (stuck).
  5579 | D:9      | 5579 ||| Stepping randomly (stuck).
  5580 | D:9      | 5580 ||| Stepping randomly (stuck).
  5581 | D:9      | 5581 ||| Stepping randomly (stuck).
  5582 | D:9      | 5582 ||| Stepping randomly (stuck).
  5583 | D:9      | 5583 ||| Stepping randomly (stuck).
  5584 | D:9      | 5584 ||| Stepping randomly (stuck).
  5585 | D:9      | 5585 ||| Stepping randomly (stuck).
  5586 | D:9      | 5586 ||| Stepping randomly (stuck).
  5587 | D:9      | 5587 ||| Stepping randomly (stuck).
  5588 | D:9      | 5588 ||| Stepping randomly (stuck).
  5589 | D:9      | 5589 ||| Stepping randomly (stuck).
  5590 | D:9      | 5590 ||| Stepping randomly (stuck).
  5591 | D:9      | 5591 ||| Stepping randomly (stuck).
  5592 | D:9      | 5592 ||| Stepping randomly (stuck).
  5593 | D:9      | 5593 ||| Stepping randomly (stuck).
  5594 | D:9      | 5594 ||| Stepping randomly (stuck).
  5595 | D:9      | 5595 ||| Stepping randomly (stuck).
  5596 | D:9      | 5596 ||| Stepping randomly (stuck).
  5597 | D:9      | 5597 ||| Stepping randomly (stuck).
  5598 | D:9      | 5598 ||| Stepping randomly (stuck).
  5599 | D:9      | 5599 ||| Stepping randomly (stuck).
  5600 | D:9      | 5600 ||| Stepping randomly (stuck).
  5601 | D:9      | 5601 ||| Stepping randomly (stuck).
  5602 | D:9      | 5602 ||| Stepping randomly (stuck).
  5603 | D:9      | 5603 ||| Stepping randomly (stuck).
  5604 | D:9      | 5604 ||| Stepping randomly (stuck).
  5605 | D:9      | 5605 ||| Stepping randomly (stuck).
  5606 | D:9      | 5606 ||| Stepping randomly (stuck).
  5607 | D:9      | 5607 ||| Stepping randomly (stuck).
  5608 | D:9      | 5608 ||| Stepping randomly (stuck).
  5609 | D:9      | 5609 ||| Stepping randomly (stuck).
  5610 | D:9      | 5610 ||| Stepping randomly (stuck).
  5611 | D:9      | 5611 ||| Stepping randomly (stuck).
  5612 | D:9      | 5612 ||| Stepping randomly (stuck).
  5613 | D:9      | 5613 ||| Stepping randomly (stuck).
  5614 | D:9      | 5614 ||| Stepping randomly (stuck).
  5615 | D:9      | 5615 ||| Stepping randomly (stuck).
  5616 | D:9      | 5616 ||| Stepping randomly (stuck).
  5617 | D:9      | 5617 ||| Stepping randomly (stuck).
  5618 | D:9      | 5618 ||| Stepping randomly (stuck).
  5619 | D:9      | 5619 ||| Stepping randomly (stuck).
  5620 | D:9      | 5620 ||| Stepping randomly (stuck).
  5621 | D:9      | 5621 ||| Stepping randomly (stuck).
  5622 | D:9      | 5622 ||| Stepping randomly (stuck).
  5623 | D:9      | 5623 ||| Stepping randomly (stuck).
  5624 | D:9      | 5624 ||| Stepping randomly (stuck).
  5625 | D:9      | 5625 ||| Stepping randomly (stuck).
  5626 | D:9      | 5626 ||| Stepping randomly (stuck).
  5627 | D:9      | 5627 ||| Stepping randomly (stuck).
  5628 | D:9      | 5628 ||| Stepping randomly (stuck).
  5629 | D:9      | 5629 ||| Stepping randomly (stuck).
  5630 | D:9      | 5630 ||| Stepping randomly (stuck).
  5631 | D:9      | 5631 ||| Stepping randomly (stuck).
  5632 | D:9      | 5632 ||| Stepping randomly (stuck).
  5633 | D:9      | 5633 ||| Stepping randomly (stuck).
  5634 | D:9      | 5634 ||| Stepping randomly (stuck).
  5635 | D:9      | 5635 ||| Stepping randomly (stuck).
  5636 | D:9      | 5636 ||| Stepping randomly (stuck).
  5637 | D:9      | 5637 ||| Stepping randomly (stuck).
  5638 | D:9      | 5638 ||| Stepping randomly (stuck).
  5639 | D:9      | 5639 ||| Stepping randomly (stuck).
  5640 | D:9      | 5640 ||| Stepping randomly (stuck).
  5641 | D:9      | 5641 ||| Stepping randomly (stuck).
  5642 | D:9      | 5642 ||| Stepping randomly (stuck).
  5643 | D:9      | 5643 ||| Stepping randomly (stuck).
  5644 | D:9      | 5644 ||| Stepping randomly (stuck).
  5645 | D:9      | 5645 ||| Stepping randomly (stuck).
  5646 | D:9      | 5646 ||| Stepping randomly (stuck).
  5647 | D:9      | 5647 ||| Stepping randomly (stuck).
  5648 | D:9      | 5648 ||| Stepping randomly (stuck).
  5649 | D:9      | 5649 ||| Stepping randomly (stuck).
  5650 | D:9      | 5650 ||| Stepping randomly (stuck).
  5651 | D:9      | 5651 ||| Stepping randomly (stuck).
  5652 | D:9      | 5652 ||| Stepping randomly (stuck).
  5653 | D:9      | 5653 ||| Stepping randomly (stuck).
  5654 | D:9      | 5654 ||| Stepping randomly (stuck).
  5655 | D:9      | 5655 ||| Stepping randomly (stuck).
  5656 | D:9      | 5656 ||| Stepping randomly (stuck).
  5657 | D:9      | 5657 ||| Stepping randomly (stuck).
  5658 | D:9      | 5658 ||| Stepping randomly (stuck).
  5659 | D:9      | 5659 ||| Stepping randomly (stuck).
  5660 | D:9      | 5660 ||| Stepping randomly (stuck).
  5661 | D:9      | 5661 ||| Stepping randomly (stuck).
  5662 | D:9      | 5662 ||| Stepping randomly (stuck).
  5730 | D:8      | Found a staircase to the Lair.
  5906 | D:7      | 5906 ||| Stepping ~*~*~tactically~*~*~ (outnumbered).
  5917 | D:7      | HP: 11/54 [poisoned by an orc warrior]
  5917 | D:7      | HP: 2/54 [orc warrior/silver boomerang (9)]
  5917 | D:7      | Hit by a silver boomerang thrown by an orc warrior

Levels and vault maps discovered:
D:1:      eino_arrival_cavern_a, layout_loops_ring, kennysheep_nondescript
D:2:      minmay_roachtagon, layout_loops_ring,
          shapermc_ecumenical_altar_starsandcircs, minmay_small_reverse_x
D:3:      layout_loops_cross, bloody_makhleb, mainiacjoe_overflow_catwalk,
          ebering_ghost_gozag
D:4:      layout_cave_pools, nicolae_uskayaw_en_pointe,
          minmay_temple_entry_large_hall, serial_bayou_lagoon_b
D:5:      nicolae_BIG_FREAKIN_CUBE, layout_loops_ring, doesnt_xom_only_xom,
          serial_rivers, chequers_serial_rivers_large_a,
          chequers_serial_rivers_micro_e, chequers_serial_rivers_marsh,
          chequers_serial_rivers_large_b, uniq_pikel, uniq_menkaure,
          uniq_eustachio
D:6:      layout_loops_corners, fedhas_altar_2
D:7:      layout_rooms, nicolae_hepliaklqana_hazy_memory, uniq_duvessa
D:8:      layout_basic, okawaru_ov_weapons_minmay, lair_entry_dummy
D:9:      layout_roguey, mainiacjoe_overflow_chevrons, minivault_1,
          minmay_holes, minmay_misc_feat_more_columns
Temple:   nicolae_temple_ecumenical_triangle

Skill      XL: |  1  2  3  4  5  6  7  8  9 |
---------------+----------------------------+-----
Ranged Weapons | 6 7 8 9 10 13 14 | 14.0
Fighting       | 2 3 5 |  5.0
Armour         | 1 2 |  2.1
Dodging        | 3 5 7 |  7.7
Stealth        | |  1.2

Action                     |  1- 3 |  4- 6 |  7- 9 || total
---------------------------+-------+-------+-------++-------
   Fire: Shortbow          |   138 |   178 |   240 ||   556
    Use: Scroll            |     3 |     8 |     3 ||    14
         Potion            |       |     5 |     2 ||     7
 Armour: Ring mail         |    27 |    65 |    58 ||   150
         Leather armour    |     1 |       |       ||     1
  Dodge: Dodged            |    46 |    98 |   210 ||   354

Table legend:
 A = Non-vault XP
 B = Vault XP
 C = Vault XP percentage of total XP
 D = Non-vault monster count
 E = Vault monster count
 F = Vault count percentage of total count
                 A         B        C        D         E       F
            +---------+---------+-------+---------+---------+-------
      Total |    3168 |    1323 |  29.5 |     134 |      19 |  12.4
            +---------+---------+-------+---------+---------+-------
        D:1 |      36 |       0 |   0.0 |      22 |       0 |   0.0
        D:2 |      65 |      29 |  30.9 |      24 |      14 |  36.8
        D:3 |      36 |       0 |   0.0 |      13 |       0 |   0.0
        D:4 |      53 |       0 |   0.0 |       8 |       0 |   0.0
        D:5 |     572 |    1072 |  65.2 |      22 |       3 |  12.0
        D:6 |    1123 |       0 |   0.0 |      25 |       0 |   0.0
        D:7 |     730 |     222 |  23.3 |      11 |       2 |  15.4
        D:8 |     353 |       0 |   0.0 |       5 |       0 |   0.0
        D:9 |     200 |       0 |   0.0 |       4 |       0 |   0.0
            +---------+---------+-------+---------+---------+-------
